 Dungeon Crawl Stone Soup version 0.16-a0-2296-gdce89d5 (webtiles) character file.

249 PolkaDot the Insei (level 5, -6/41 HPs)
             Began as a Demonspawn Monk on Nov 17, 2014.
             Killed by divine providence
             ... invoked by an orc priest
              (13 damage)
             ... on level 3 of the Dungeon.
             The game lasted 00:06:29 (3400 turns).

PolkaDot the Insei (Demonspawn Monk)                Turns: 3400, Time: 00:06:29

Health: -6/41      AC:  8    Str: 11    XL:     5   Next: 87%
Magic:  5/5        EV: 11    Int: 17    God:
Gold:   178        SH:  0    Dex: 15    Spells: 0 memorised, 4 levels left

rFire  . . .     SeeInvis .       - Unarmed
rCold  . . .     Clarity  .     g - +0 leather armour
rNeg   . . .     SustAb   .     (no shield)
rPois  .         Gourm    .     (helmet restricted)
rElec  .         Spirit   .     c - +0 cloak
rCorr  .         Warding  .     (no gloves)
rMut   .         Stasis   .     (no boots)
MR     .....                    (no amulet)
Stlth  ++........               (no ring)
                                (no ring)

@: brilliant, drained, not resistant to hostile enchantments, unstealthy
A: antennae 1, rough black scales 1, powered by pain 1
a: no special abilities


You were on level 3 of the Dungeon.
You were hungry.

You visited 1 branch of the dungeon, and saw 3 of its levels.

You collected 178 gold pieces.

Inventory:

Armour
 c - a +0 cloak (worn)
 g - a +0 leather armour (worn)
Magical devices
 p - a wand of digging (11)
 q - a wand of polymorph (5)
Scrolls
 a - 3 scrolls of remove curse {unknown}
 d - a scroll of immolation {unknown}
 i - 3 scrolls of identify {unknown}
 j - a scroll of teleportation {unknown}
 l - 2 scrolls of amnesia {unknown}
 m - a scroll of noise {unknown}
 r - a scroll of random uselessness {unknown}
Potions
 k - a potion of restore abilities {unknown}
 n - a potion of agility {unknown}
 s - a potion of heal wounds {unknown}
Comestibles
 b - 2 bread rations
 f - a meat ration
 o - 2 chunks of flesh


   Skills:
 - Level 3.0(2.6) Fighting
 - Level 2.6(2.3) Dodging
 - Level 3.0(2.7) Stealth
 + Level 6.1(5.7) Unarmed Combat


You had 4 spell levels left.
You didn't know any spells.

Dungeon Overview and Level Annotations

Branches:
Dungeon (3/15)

Altars:


Innate Abilities, Weirdness & Mutations

You have a pair of small antennae on your head.
You are partially covered in rough black scales (AC +4, Dex -1).
You sometimes gain a little power by taking damage.


Message History

You are feeling hungry.
The orc shouts!
The orc priest shouts!
The orc priest misses you.
You closely miss the orc priest. You barely miss the orc priest.
The orc priest calls down the wrath of Beogh upon you.
Something smites you!
* * * LOW HITPOINT WARNING * * *
You barely miss the orc priest.
Drink which item? (? for menu, Esc to quit)
You feel magically purged.
It was a potion of cancellation.
The orc hits you but does no damage.
The orc priest becomes somewhat translucent.
Drink which item? (? for menu, Esc to quit)
You feel clever all of a sudden.
It was a potion of brilliance.
The orc hits you with a dagger.
* * * LOW HITPOINT WARNING * * *
The orc priest mumbles some strange prayers to Beogh against you.
Something smites you!
You die...

# ##.##.# ######
##.).#.# .>...#
##.#.#..## ####.#
#.......... # #.#
##....#>.####
####.#########.#...<#.#
....................#.#
####.#########.#.#.## .
.....# ##o@.## #######
##o## .>...... #.#
####### #.# # #.# # #..
# ### #


You could see an orc priest and an orc.

Vanquished Creatures
  An orc wizard (D:3)
  Natasha (D:3)
  Ijyb (D:3)
  6 adders
  2 gnolls (D:1)
  4 worms
  A giant gecko (D:3)
  5 orcs (D:3)
  4 giant cockroaches
  8 hobgoblins
  8 jackals
  2 quokkas
  2 ball pythons
  11 bats
  3 giant newts
  10 goblins
  4 kobolds
  15 rats
88 creatures vanquished.

Notes
Turn   | Place    | Note
--------------------------------------------------------------
     0 | D:1      | PolkaDot, the Demonspawn Monk, began the quest for the Orb.
     0 | D:1      | Reached XP level 1. HP: 18/18 MP: 1/1
   349 | D:1      | Gained mutation: You are partially covered in rough black scales (AC +4, Dex -1). [demonic ancestry]
   349 | D:1      | Reached XP level 2. HP: 24/24 MP: 2/2
   709 | D:1      | Reached skill level 4 in Unarmed Combat
   756 | D:1      | Reached XP level 3. HP: 29/29 MP: 3/3
  1421 | D:2      | Gained mutation: You have a pair of small antennae on your head. [demonic ancestry]
  1421 | D:2      | Reached XP level 4. HP: 31/35 MP: 4/4
  1792 | D:2      | Reached skill level 5 in Unarmed Combat
  2637 | D:3      | Gained mutation: You sometimes gain a little power by taking damage. [demonic ancestry]
  2637 | D:3      | Reached XP level 5. HP: 35/41 MP: 5/5
  2720 | D:3      | Noticed Ijyb
  2733 | D:3      | Killed Ijyb
  3351 | D:3      | Noticed Natasha
  3366 | D:3      | Killed Natasha
  3366 | D:3      | Reached skill level 6 in Unarmed Combat
  3400 | D:3      | Killed from afar by an orc priest

Action                   |  1- 3 |  4- 6 || total
-------------------------+-------+-------++-------
Melee: Unarmed           |   171 |   265 ||   436
  Use: Potion            |       |     2 ||     2
 Stab: Sleeping          |     4 |     2 ||     6
  Eat: Chunk             |     2 |     6 ||     8
